 Dungeon Crawl Stone Soup version 0.28.0-53-g5a82cb258f (webtiles) character file.

Game seed: 6140572221554680833

2 LynnLen the Vexing (level 1, 0/10 HPs)
             Began as a Vampire Enchanter on Aug 16, 2022.
             Slain by a kobold
             ... wielding a +0 short sword
              (5 damage)
             ... on level 1 of the Dungeon.
             The game lasted 00:00:36 (95 turns).

LynnLen the Vexing (Vampire Enchanter)                Turns: 95, Time: 00:00:37

Health: 0/10       AC:  2    Str:  7    XL:     1   Next: 33%
Magic:  3/3        EV: 12    Int: 17    God:
Gold:   0          SH:  0    Dex: 14    Spells: 4/4 levels left

rFire   . . .      SeeInvis +   a - +1 dagger
rCold   + + .      Faith    .   (no shield)
rNeg    + + +      Spirit   .   b - +0 robe
rPois   ∞          Reflect  .   (no helmet)
rElec   .          Harm     .   (no cloak)
rCorr   .          Rampage  .   (no gloves)
Will    .....                   (no boots)
Stlth   +++++.....              (no amulet)
HPRegen 0.00/turn               (no ring)
MPRegen 0.08/turn               (no ring)

@: bloodless, inhibited regen
A: bloodless, fangs 3, see invisible, vampiric 1
a: Revivify


You were on level 1 of the Dungeon.
You visited 1 branch of the dungeon, and saw 1 of its levels.

Inventory:

Hand Weapons
 a - a +1 dagger (weapon)
Missiles
 f - 15 stones (quivered)
Armour
 b - a +0 robe (worn)
Scrolls
 e - a scroll of fear {unknown}
Potions
 c - a potion of invisibility
 d - a potion of degeneration {unknown}


   Skills:
 * Level 1.4 Short Blades
 + Level 2.3 Dodging
 - Level 4.4 Stealth
 - Level 2.0 Spellcasting
 - Level 4.4 Hexes


You had 4 spell levels left.
You didn't know any spells.
Your spell library contained the following spells:

 Spells                   Type           Power      Damage    Failure   Level
 Confusing Touch          Hex            16%        N/A       10%         3
 Tukima's Dance           Hex            16%        N/A       10%         3
 Ensorcelled Hibernation  Hex/Ice        18%        N/A       12%         2
 Dazzling Flash           Conj/Hex       18%        N/A       24%         3


Dungeon Overview and Level Annotations

Branches:
Dungeon (1/15)

Altars:


Innate Abilities, Weirdness & Mutations

You do not regenerate when monsters are visible.
You are frail without blood (-20% HP).
You can heal yourself when you bite living creatures.
You are immune to poison.
You have razor-sharp teeth.
You have supernaturally acute eyesight. (SInv)
You are afflicted with vampirism.


Message History

HP restored.
You become bloodless.
There is a staircase leading out of the dungeon here.
You open the door.
There is an open door here.
There is a staircase leading out of the dungeon here.
You open the door.
There is an open door here.
There is a staircase leading out of the dungeon here.
You open the door.
Found a robe.
There is an open door here.
You see here a +0 robe.
Found a scroll labelled HADAGGA YWOEDD.
e - a scroll labelled HADAGGA YWOEDD A rat comes into view.
A quokka comes into view.
The helpless quokka fails to defend itself.
You bite the quokka, and draw its blood!
You impale the quokka!!
You kill the quokka!
Found a robe.
A hobgoblin comes into view.
The helpless hobgoblin fails to defend itself.
You bite the hobgoblin, and draw its blood!
You impale the hobgoblin!!
You kill the hobgoblin!
Found 15 stones.
You see here a +0 robe.
You see here 15 stones.
f - 15 stones A dart slug and a kobold come into view.
The kobold shouts!
Found a stone staircase leading down.
You hit the kobold but do no damage.
The kobold hits you with a +0 short sword.
Ouch! That really hurt!
You barely miss the kobold.
The kobold hits you with a +0 short sword.
Ouch! That really hurt!
You die...

#.#.#
.....
#.#.#
.....
###.#.#
.#..
#.....# #
##[#..##
#..##..#
#.####.# #
#.# .#
###. #@#
.. ##...#
#K# ##.
#.....##.#
..
.......#.#
..
.........#
.......###
#......
#..w..#
......


You could see a kobold.

Vanquished Creatures
  A hobgoblin (D:1)
  A quokka (D:1)
2 creatures vanquished.

Notes
Turn   | Place    | Note
-------+----------+-------------------------------------------
     0 | D:1      | LynnLen the Vampire Enchanter began the quest for the Orb.
     0 | D:1      | Reached XP level 1. HP: 13/13 MP: 3/3
    95 | D:1      | Slain by a kobold

Illustrated notes

Levels and vault maps discovered:
D:1:      mrwooster_arrival_arrow, layout_rooms, chequers_ecumenical_altar_grove

Action                   || total
-------------------------++-------
Melee: Dagger            ||     4
 Abil: Exsanguinate      ||     1
 Stab: Sleeping          ||     2
